 Dungeon Crawl Stone Soup version 0.29.0-4-gdea44cf6ec (webtiles) character file.

Game seed: 11431050403057647401

31 sanka the Insei (level 3, -5/21 HPs)
             Began as a Tengu Warper on Aug 27, 2022.
             Slain by Natasha (8 damage)
             ... on level 2 of the Dungeon.
             The game lasted 00:01:39 (1785 turns).

sanka the Insei (Tengu Warper)                      Turns: 1785, Time: 00:01:40

Health: -5/21      AC:  3    Str: 11    XL:     3   Next: 22%
Magic:  7/7        EV: 11    Int: 15    God:
Gold:   44         SH:  0    Dex: 13    Spells: 6/6 levels left

rFire   . . .      SeeInvis .     - Unarmed
rCold   . . .      Faith    .   (no shield)
rNeg    . . .      Spirit   .   a - +0 leather armour
rPois   .          Reflect  .   (helmet restricted)
rElec   .          Harm     .   (no cloak)
rCorr   .          Rampage  .   (no gloves)
Will    .....                   (boots unavailable)
Stlth   +.........              (no amulet)
HPRegen 0.07/turn               (no ring)
MPRegen 0.10/turn               (no ring)

@: no status effects
A: beak, talons 3
a: no special abilities


You were on level 2 of the Dungeon.
You visited 1 branch of the dungeon, and saw 2 of its levels.

You collected 44 gold pieces.


Innate Abilities, Weirdness & Mutations

You have a beak for a mouth.
You have claws for feet.


   Skills:
 - Level 2.0 Fighting
 - Level 1.0 Throwing
 - Level 1.1 Armour
 - Level 2.1 Dodging
 + Level 4.0 Unarmed Combat
 - Level 2.0 Spellcasting
 - Level 2.4 Translocations


You had 6 spell levels left.
You didn't know any spells.
Your spell library contained the following spells:

 Spells                   Type           Power      Damage    Failure   Level
 Blink                    Tloc           16%        N/A       17%         2
 Gell's Gravitas          Tloc           8%         N/A       32%         3
 Lesser Beckoning         Tloc           8%         N/A       32%         3
 Teleport Other           Tloc           8%         N/A       32%         3
 Ensorcelled Hibernation  Hex/Ice        2%         N/A       41%         2
 Passwall                 Tmut/Erth      0%         N/A       41%         2
 Swiftness                Air            1%         N/A       65%         3
 Manifold Assault         Tloc           8%         N/A       97%         5

Inventory:

Missiles
 c - 7 boomerangs of dispersal (quivered) {=f}
Armour
 a - a +0 leather armour (worn)
Scrolls
 b - a scroll of blinking
 d - a scroll of teleportation {unknown}
 e - a scroll of brand weapon {unknown}
Potions
 f - 2 potions of mutation {unknown}
 g - a potion of heal wounds {unknown}

Dungeon Overview and Level Annotations

Branches:
Dungeon (2/15)

Altars:

Shops:
D:1 [=[

Annotations:
D:2 Natasha

▒▒▒ ..▒ ▒ ▒.▒ ▒ ▒.▒ ▒
▒▒▒ ▒.▒ ▒ ▒▒... ▒.▒ ▒
......▒▒▒▒▒▒[▒▒▒▒▒▒▒▒▒▒▒
▒..!..hQ................
▒............▒▒.▒▒▒▒▒▒▒▒
......▒▒▒.▒▒.▒▒.▒ .▒▒.▒.
▒.▒▒..... ▒ ▒ ▒.▒▒.▒▒.▒▒
▒.▒▒.▒▒.▒ ▒.......▒
▒▒▒▒.▒▒▒▒


You could see Natasha.


Message History

Found a pair of boots.
g - a brown potion You see here a +0 pair of boots.
Natasha, Servant of Life and Death comes into view.
Found a bubbling black potion.
Natasha hisses angrily.
Natasha stares at you and mumbles some strange words.
The magic dart hits you!
You hit Natasha. Your kick misses Natasha.
Natasha is moderately wounded.
Natasha claws you.
* * * LOW HITPOINT WARNING * * *
You barely miss Natasha. You claw Natasha. Your peck misses Natasha.
Natasha is heavily wounded.
Natasha casts a spell at you. You resist with significant effort.
You hit Natasha. You peck Natasha, but do no damage.
Natasha is severely wounded.
Natasha claws you!
* * * LOW HITPOINT WARNING * * *
Unknown command.
You hit Natasha. You peck Natasha, but do no damage.
Natasha is almost dead.
Natasha claws you!
You die...

Action                   || total
-------------------------++-------
Melee: Unarmed           ||    65
       Kick              ||    19
       Peck              ||     7
Armor: Leather armour    ||    13
Dodge: Dodged            ||    24

Levels and vault maps discovered:
D:1:      sevenhm_arrival_forest_fort_large_2, layout_basic, serial_shops, shop,
          nicolae_shop_crystal, shop
D:2:      layout_loops_ring, hangedman_decor_points, uniq_natasha

Notes
Turn   | Place    | Note
-------+----------+-------------------------------------------
     0 | D:1      | sanka the Tengu Warper began the quest for the Orb.
     0 | D:1      | Reached XP level 1. HP: 12/12 MP: 4/4
   291 | D:1      | Reached XP level 2. HP: 12/17 MP: 6/6
   464 | D:1      | Found Tiodgh's Antique Armour Boutique.
   481 | D:1      | Reached skill level 3 in Unarmed Combat
  1068 | D:1      | Found Pirup's Jewellery Shop.
  1098 | D:1      | Reached XP level 3. HP: 21/21 MP: 7/7
  1248 | D:1      | Found Qiotuy's Armour Shop.
  1713 | D:2      | Reached skill level 4 in Unarmed Combat
  1778 | D:2      | Noticed Natasha
  1785 | D:2      | Slain by Natasha

Vanquished Creatures
  3 bats (D:1)
  2 endoplasms (D:1)
  5 goblins
  3 hobgoblins
  A quokka (D:2)
  2 ball pythons (D:1)
  4 frilled lizards
  4 kobolds (D:1)
  6 rats
30 creatures vanquished.
